 Dungeon Crawl Stone Soup version 0.31.0-12-g77e489cdc1 (webtiles) character file.

Game seed: 3087361393109153760

2174 FatHorseNips the Grappler (level 9, -6/76 (83) HPs)
             Began as a Troll Berserker on Feb 23, 2024.
             Was a Priest of Trog.
             Mangled by a red ugly thing (21 damage)
             ... on level 8 of the Dungeon.
             The game lasted 00:15:02 (5251 turns).

FatHorseNips the Grappler (Troll Berserker)         Turns: 5251, Time: 00:15:03

HP:   -6/76 (83)    AC:  9    Str: 31    XL:     9   Next: 11%
MP:   0/8           EV: 10    Int:  3    God:    Trog [***...]
Gold: 385           SH:  0    Dex:  9    Spells: 8/8 levels left

rFire   . .          .
                       - Unarmed
rCold   . . .        (no shield)
rNeg    . . .        t - +1 acid dragon scales
rPois   .            (helmet restricted)
rElec   .            (no cloak)
rCorr   +            (gloves unavailable)
SInv    .            (boots unavailable)
Will    .....        q - amulet of guardian spirit
Stlth   +            f - +4 ring of slaying
HPRegen 1.12/turn    (no ring)
MPRegen 0.11/turn

%: guardian spirit
@: on berserk cooldown, slowed, drained, very slow
A: large, unfitting armour, claws 3, regeneration 1, shaggy fur 1, tough skin 1
a: Renounce Religion, Berserk, Trog's Hand


You were on level 8 of the Dungeon.
You worshipped Trog.
Trog was most pleased with you.
You visited 1 branch of the dungeon, and saw 8 of its levels.

You collected 385 gold pieces.

Inventory:

Hand Weapons
 l - the +7 long sword of Res Nullius {drain, rF- rC+ Str+6}
   (You found it on level 8 of the Dungeon)

   Str+6:     It affects your strength (+6).
   rF-:       It makes you vulnerable to fire.
   rC+:       It protects you from cold.
Missiles
 c - 9 stones
 p - 2 throwing nets (quivered)
Armour
 a - a +0 animal skin
 t - +1 acid dragon scales (worn)
Magical Staves
 s - a staff of alchemy
Jewellery
 e - an amulet of magic regeneration
 f - a +4 ring of slaying (left claw)
 q - an amulet of guardian spirit (around neck)
 v - a ring of protection from cold
 y - an amulet of reflection
Talismans
 z - a flux talisman
Wands
 C - a wand of flame (32)
Scrolls
 b - 2 scrolls of enchant armour
 g - a scroll of noise
 i - a scroll of immolation
 o - a scroll of revelation {unknown}
 r - 2 scrolls of poison {unknown}
 u - a scroll of silence {unknown}
 w - a scroll of butterflies {unknown}
 A - a scroll of blinking {unknown}
 B - 3 scrolls of fear {unknown}
Potions
 d - a potion of brilliance {unknown}
 h - a potion of mutation
 j - 4 potions of curing
 k - a potion of ambrosia
 m - 2 potions of might
 n - 3 potions of attraction
 x - a potion of berserk rage


   Skills:
 - Level 3.3 Fighting
 - Level 4.0 Dodging
 - Level 0.4 Stealth
 + Level 11.4 Unarmed Combat


You had 8 spell levels left.
You didn't know any spells.
Your spell library contained the following spells:

 Spells                   Type           Power      Damage    Failure   Level
 Fugue of the Fallen      Necr           0%         N/A       91%         3
 Ozocubu's Armour         Ice            0%         N/A       91%         3
 Manifold Assault         Tloc           0%         N/A       100%        4


Dungeon Overview and Level Annotations

Branches:
Dungeon (8/15)             Temple (0/1) D:6
   Lair: D:8-11

Altars:
Ashenzari
Elyvilon
Makhleb
Uskayaw
Zin
The Shining One

Shops:
D:4 :

Annotations:
D:7 Jeremiah


Innate Abilities, Weirdness & Mutations

You are too large for most types of armour.
You have claws for hands.
Your natural rate of healing is unusually fast.
You are covered in fur. (AC +1)
You have tough skin. (AC +1)


Message History

The gnoll bouda hits you but does no damage.
You claw the gnoll bouda!
The gnoll bouda is severely wounded.
The gnoll barely misses you.
You mangle the gnoll bouda!!
You kill the gnoll bouda!
Trog accepts your kill.
Your attacks no longer feel as feeble.
The gnoll hits you but does no damage.
Items here: $ )) [ †.
You claw the gnoll!
The gnoll is almost dead.
The gnoll hits you with a +0 spear.
You claw the gnoll!
You kill the gnoll!
Trog accepts your kill.
You are no longer berserk.
You are exhausted.
You feel yourself slow down.
You claw the red ugly thing!
The red ugly thing is moderately wounded.
You hear a shout!
The red ugly thing barely misses you.
An orc wizard comes into view. It is wielding a +0 dagger.
You hear a shout!
You scratch the red ugly thing.
The red ugly thing is moderately wounded.
The red ugly thing headbutts you!
You are engulfed in flames!
The orc wizard mumbles some strange words.
The orc wizard flickers and vanishes!
Deactivating autopickup; reactivate with Ctrl-A.
You claw the red ugly thing!
The red ugly thing is heavily wounded.
The red ugly thing headbutts you!
You are engulfed in flames!!
You closely miss the red ugly thing. Your claw misses the red ugly thing.
The red ugly thing is heavily wounded.
The red ugly thing headbutts you!
* * * LOW HITPOINT WARNING * * *
You are engulfed in flames!!
You die...

.?....# ### ....... ...
.....:. ..# > ....u #.#
....... # #.# ....#.. .#
#.#
..(...{###########.####.#
#....oou@...............)
#.#.##g#####...#.#####..#
#. #..###.## #..# ..
##.## ##.###... g## #.##
##.##.## .. ##. ##.###.#
.. .. ##.## #.# ...
#.#.#####.# #.........#


You could see a red ugly thing, an orc warrior, an orc priest and a gnoll
(swift).

Vanquished Creatures
  Prince Ribbit (D:7)
  An acid dragon (D:5)
  A water moccasin (D:6)
  A sky beast (D:7)
  An orc warrior (D:6)
  An ogre (D:5)
  2 centaurs
  3 bullfrogs
  2 scorpions
  5 wights
  2 howler monkeys (D:7)
  2 bombardier beetles (D:5)
  3 orc priests (D:5)
  2 hounds (D:5)
  A sleepcap (D:5)
  A gnoll bouda (D:8)
  3 iguanas
  2 orc wizards (D:6)
  13 gnolls
  9 adders
  2 white imps
  A ribbon worm (D:4)
  A dart slug (D:1)
  10 orcs
  5 ball pythons
  6 bats
  5 endoplasms
  2 giant cockroaches
  7 goblins
  5 hobgoblins (D:1)
  6 jackals
  7 quokkas
  2 frilled lizards (D:1)
  5 kobolds
  6 rats
126 creatures vanquished.

Notes
Turn   | Place    | Note
-------+----------+-------------------------------------------
     0 | D:1      | FatHorseNips the Troll Berserker began the quest for the
                  | Orb.
     0 | D:1      | Reached XP level 1. HP: 22/22 MP: 0/0
    91 | D:1      | Reached XP level 2. HP: 29/29 MP: 1/1
   398 | D:1      | Reached XP level 3. HP: 36/36 MP: 2/2
   465 | D:1      | Reached ** piety under Trog
   646 | D:2      | Reached XP level 4. HP: 42/44 MP: 3/3
   654 | D:2      | Reached skill level 4 in Unarmed Combat
   725 | D:2      | Found a faded altar of an unknown god.
   801 | D:2      | Found a hide-covered altar of Uskayaw.
  1606 | D:3      | Found a glowing silver altar of Zin.
  1607 | D:3      | Found a white marble altar of Elyvilon.
  1610 | D:3      | Found a glowing golden altar of the Shining One.
  2080 | D:3      | Found a burning altar of Makhleb.
  2153 | D:4      | Reached XP level 5. HP: 41/53 MP: 4/4
  2168 | D:4      | HP: 2/53 [poisoned by a gnoll]
  2286 | D:4      | Found Emumepsu's Book Emporium.
  2468 | D:5      | Entered Level 5 of the Dungeon
  2476 | D:5      | Noticed an ogre
  2484 | D:5      | Killed an ogre
  2485 | D:5      | Reached skill level 5 in Unarmed Combat
  2485 | D:5      | Reached XP level 6. HP: 35/61 MP: 5/5
  2717 | D:4      | Reached skill level 6 in Unarmed Combat
  2959 | D:4      | Reached *** piety under Trog
  2976 | D:4      | Reached XP level 7. HP: 43/67 MP: 4/6
  3237 | D:4      | Found a broken altar of Ashenzari.
  3348 | D:5      | Reached skill level 7 in Unarmed Combat
  3528 | D:5      | Found the +5 woodcutter's axe
  4134 | D:5      | Reached skill level 8 in Unarmed Combat
  4147 | D:5      | Reached XP level 8. HP: 27/68 MP: 0/7
  4277 | D:6      | Found a staircase to the Ecumenical Temple.
  4319 | D:6      | Reached skill level 9 in Unarmed Combat
  4933 | D:7      | Reached skill level 10 in Unarmed Combat
  5019 | D:7      | Noticed Prince Ribbit
  5022 | D:7      | Killed Prince Ribbit
  5055 | D:7      | Noticed Jeremiah
  5066 | D:7      | Reached skill level 11 in Unarmed Combat
  5066 | D:7      | Reached XP level 9. HP: 83/83 MP: 5/8
  5157 | D:8      | Identified the +7 long sword of Res Nullius {drain, rF- rC+
                  | Str+6}
  5235 | D:8      | Noticed a red ugly thing
  5251 | D:8      | Mangled by a red ugly thing

Illustrated notes

Levels and vault maps discovered:
D:1:      tarquinn_simple_flora_water_c, layout_rooms
D:2:      layout_basic, basic_altar, shapermc_ecumenical_altar_mp_highgroup
D:3:      layout_basic, good_gods_temple_1, lightli_temple_of_fire, st_stairs_13
D:4:      layout_loops_ring, mainiacjoe_overflow_paths, serial_shops, shop,
          serial_glass, glass_columns_a, glass_columns_b
D:5:      layout_cave_pools
D:6:      layout_rooms, minmay_temple_entry_arrows, grunt_ministairs_9,
          kennysheep_generic_room_15
D:7:      layout_loops_corners, uniq_jeremiah, uniq_prince_ribbit1
D:8:      layout_loops_ring, general_overflow_altar,
          regret_index_kikubaaqudgha_part_by_part, hellmonk_guarded_unrand_gong,
          uniq_psyche

Skill      XL: |  1  2  3  4  5  6  7  8 |
---------------+-------------------------+-----
Dodging        | 3 4 |  4.0
Unarmed Combat | 4 5 6 8 11 | 11.4
Fighting       | 3 |  3.3
Stealth        | |  0.4

Action                     |  1- 3 |  4- 6 |  7- 9 || total
---------------------------+-------+-------+-------++-------
  Melee: Unarmed           |    88 |   138 |   112 ||   338
         Punch             |     1 |     1 |     7 ||     9
 Invoke: Berserk           |       |     2 |     3 ||     5
         Trog's Hand       |       |       |     1 ||     1
    Use: Potion            |       |     1 |     1 ||     2
         Scroll            |       |       |    13 ||    13
   Stab: Sleeping          |       |     1 |       ||     1
 Armour: Animal skin       |    55 |    89 |     8 ||   152
         Acid dragon scale |       |       |    93 ||    93
  Dodge: Dodged            |    46 |    68 |    50 ||   164
